 Dungeon Crawl Stone Soup version 0.25.1-2-g60ff931df9 (webtiles) character file.

Game seed: 14089951962553452419

109 DogServant the Slasher (level 4, 0/49 HPs)
             Began as a Merfolk Gladiator on Nov 8, 2020.
             Slain by a gnoll (5 damage)
             ... on level 4 of the Dungeon.
             The game lasted 00:01:49 (1230 turns).

DogServant the Slasher (Merfolk Gladiator)          Turns: 1230, Time: 00:01:50

Health: 0/49       AC: 22    Str: 15    XL:     4   Next: 90%
Magic:  4/4        EV:  2    Int:  7    God:
Gold:   74         SH:  0    Dex: 15    Spells: 3/3 levels left

rFire    . . .     SeeInvis .   a - +0 long sword
rCold    . . .     Gourm    .   (no shield)
rNeg     + + +     Faith    .   (armour currently unavailable)
rPois    +         Spirit   .   (helmet currently unavailable)
rElec    .         Reflect  .   (cloak currently unavailable)
rCorr    .         Harm     .   (gloves currently unavailable)
MR       .....     NoTele   +   (boots currently unavailable)
Stlth    +.........             (no amulet)
HPRegen  0.16/turn              (no ring)
MPRegen  0.09/turn              (no ring)

@: tree-form
A: (change form in water), (swift swim), (stealthy swim)
a: no special abilities


You were on level 4 of the Dungeon.
You were not hungry.
You were a tree.
You visited 1 branch of the dungeon, and saw 3 of its levels.

You collected 74 gold pieces.

Inventory:

Hand Weapons
 a - a +0 long sword (weapon)
Missiles
 d - 2 throwing nets (quivered)
Armour
 b - a +0 leather armour (melded)
 c - a +0 helmet (melded)
 j - a +0 ring mail
Jewellery
 l - an uncursed ring of see invisible {unknown}
Wands
 n - a wand of random effects (18)
Scrolls
 h - a scroll of remove curse
 m - a scroll of noise {unknown}
 o - a scroll of fog {unknown}
Comestibles
 f - 2 rations
 g - 3 chunks of flesh


   Skills:
 - Level 2.1 Fighting
 + Level 6.0 Long Blades
 - Level 2.0 Throwing
 - Level 4.0 Dodging


You had 3 spell levels left.
You didn't know any spells.
Your spell library was empty.

Dungeon Overview and Level Annotations

Branches:
Dungeon (4/15)
 Temple: D:4-7

Altars:
Qazlal
Zin

Annotations:
D:4 1 exclusion


Message History

The gnoll hits you.
The gnoll shouts!
You hit the gnoll but do no damage.
You are no longer glowing.
The gnoll hits you with a +0 club. The gnoll hits you.
You barely miss the gnoll. The gnoll closely misses you.
The gnoll hits you with a +0 flail. The gnoll hits you.
* * * LOW HITPOINT WARNING * * *
Okay, then.
Okay, then.
It was a potion of flight.
You feel very buoyant.
You fly up into the air.
The gnoll completely misses you. The gnoll hits you.
* * * LOW HITPOINT WARNING * * *
It was a potion of lignification.
You turn into a tree.
Your +0 helmet melds into your body.
Your +0 leather armour melds into your body.
Your roots penetrate the ground.
The gnoll hits you but does no damage. x2
The gnoll hits you.
You die...

..#......g.....#
..#............#
..#............#
(.#............#
..+............#
..#.....÷...)g.#
#............######
#............gg...#
######......gg♣...#
#............#
#............#
##############


You could see a gnoll shaman and 4 gnolls.

Vanquished Creatures
  An orc wizard (D:4)
  Robin (D:2)
  2 adders (D:2)
  4 dart slugs
  2 leopard geckos
  5 bats (D:1)
  A giant cockroach (D:1)
  9 goblins (D:2)
  7 hobgoblins
  3 frilled lizards
  4 kobolds
  2 rats
41 creatures vanquished.

Notes
Turn   | Place    | Note
-------+----------+-------------------------------------------
     0 | D:1      | DogServant the Merfolk Gladiator began the quest for the
                  | Orb.
     0 | D:1      | Reached XP level 1. HP: 16/16 MP: 1/1
   103 | D:1      | Reached XP level 2. HP: 22/22 MP: 2/2
   151 | D:1      | Reached skill level 4 in Long Blades
   350 | D:1      | Reached XP level 3. HP: 25/27 MP: 3/3
   893 | D:2      | Found a stormy altar of Qazlal.
   920 | D:2      | Reached skill level 5 in Long Blades
   935 | D:2      | Found a glowing silver altar of Zin.
   976 | D:2      | Noticed Robin
   982 | D:2      | Reached XP level 4. HP: 31/33 MP: 4/4
   998 | D:2      | Killed Robin
  1115 | D:2      | You fall into a shaft and drop 2 floors!
  1162 | D:4      | Reached skill level 6 in Long Blades
  1230 | D:4      | Slain by a gnoll

Illustrated notes

Levels and vault maps discovered:
D:1:      lordsloth_arrival_two_stooges, layout_basic
D:2:      layout_rooms, overflow_temple_1_default, grunt_qazlal_clouds,
          uniq_robin
D:4:      layout_basic, first_ration, serial_shops, shop

Skill      XL: |  1  2  3  4 |
---------------+-------------+-----
Long Blades    | 4 5 6 |  6.0
Fighting       | |  2.1
Throwing       | |  2.0
Dodging        | |  4.0

Action                   |  1- 3 |  4- 6 || total
-------------------------+-------+-------++-------
Melee: Long sword        |    67 |    33 ||   100
Throw: Throwing net      |       |     1 ||     1
  Use: Scroll            |       |     3 ||     3
       Potion            |       |     2 ||     2
  Eat: Chunk             |       |     1 ||     1
Armor: Leather armour    |    28 |     2 ||    30
       Skin              |       |     2 ||     2
Dodge: Dodged            |    56 |    16 ||    72
       Rpst.: Long sword |    17 |     3 ||    20
